 Dungeon Crawl Stone Soup version 0.30-a0-1050-g2766ea1e55 (webtiles) character file.

Game seed: 18059019060904884541

424 Ic0nGaming the Slicer (level 7, 0/41 HPs)
             Began as a Kobold Fighter on Apr 10, 2023.
             Succumbed to a kobold brigand's poison
             ... in a sewer.
             The game lasted 00:04:48 (3314 turns).

Ic0nGaming the Slicer (Kobold Fighter)              Turns: 3314, Time: 00:04:48

Health: 0/41       AC:  8    Str: 13    XL:     7   Next: 17%
Magic:  7/7        EV: 11    Int: 10    God:
Gold:   175        SH: 10    Dex: 16    Spells: 6/6 levels left

rFire   + . .      SeeInvis .    a - +0 rapier (freeze)
rCold   . . .      Faith    .    c - +0 buckler
rNeg    . . .      Spirit   .    e - +2 ring mail {rF+}
rPois   .          Reflect  +    (no helmet)
rElec   .          Rampage  .    (no cloak)
rCorr   .                        i - +0 pair of gloves
Will    .....                    (no boots)
Stlth   ++                       b - amulet of reflection
HPRegen 0.26/turn                g - ring of flight
MPRegen 0.10/turn                (no ring)

@: lethally poisoned (0 -> -20), flying, invisible
A: small, no large weapons, nightstalker 3
a: no special abilities


You were in a sewer.
You visited 1 branch of the dungeon, and saw 4 of its levels.
You also visited: Sewer.

You collected 175 gold pieces.

Inventory:

Hand Weapons
 a - a +0 rapier of freezing (weapon)
Armour
 c - a +0 buckler (worn)
 e - a +2 ring mail of fire resistance (worn)
 i - a +0 pair of gloves (worn)
Jewellery
 b - an amulet of reflection (around neck)
 g - a ring of flight (left hand)
 n - a ring of ice
Wands
 d - a wand of mindburst (5)
Scrolls
 j - 4 scrolls of teleportation
 m - a scroll of brand weapon
 o - a scroll of identify {unknown}
Potions
 f - a potion of brilliance {unknown}
 h - a potion of attraction {unknown}
 k - a potion of haste {unknown}
 l - a potion of lignification {unknown}


   Skills:
 - Level 3.2 Fighting
 + Level 9.5 Short Blades
 - Level 2.4 Armour
 - Level 2.4 Shields


You had 6 spell levels left.
You didn't know any spells.
Your spell library contained the following spells:

 Spells                   Type           Power      Damage    Failure   Level
 Necrotise                Necr           0%         1d4       77%         1
 Sandblast                Erth           0%         2d4       77%         1
 Passwall                 Tmut/Erth      0%         N/A       88%         2
 Stone Arrow              Conj/Erth      0%         3d7       98%         3
 Vampiric Draining        Necr           0%         2d6       98%         3
 Agony                    Necr           0%         N/A       100%        5


Dungeon Overview and Level Annotations

Branches:
Dungeon (4/15)              Sewer (1/1)
 Temple: D:4-7

Altars:

Shops:
D:2 (


Innate Abilities, Weirdness & Mutations

You are small and have problems with some larger weapons.
You are completely attuned to the shadows.


Message History

You hit the kobold brigand. You freeze the kobold brigand.
The kobold brigand is lightly wounded.
You feel sick.
You puncture the kobold brigand! You freeze the kobold brigand.
The kobold brigand is severely wounded.
You feel sick. You block the kobold brigand's attack.
You completely miss the kobold brigand.
The kobold brigand is severely wounded.
You feel sick.
The kobold brigand hits you with a +1 whip of venom.
You are more poisoned.
You hit the kobold brigand but do no damage.
The kobold brigand is severely wounded.
You feel very sick. You block the kobold brigand's attack.
You completely miss the kobold brigand.
The kobold brigand is severely wounded.
You feel very sick.
The kobold brigand splashes around in the water.
You miss the kobold brigand.
The kobold brigand is severely wounded.
You feel sick.
You closely miss the kobold brigand.
The kobold brigand is severely wounded.
You feel sick.
The kobold brigand hits you but does no damage.
You are lethally poisoned!
It was a potion of invisibility.
You fade into invisibility!
* * * LOW HITPOINT WARNING * * *
You feel very sick.
The kobold brigand hits you with a +1 whip of venom.
* * * LOW HITPOINT WARNING * * *
You are more poisoned.
Okay, then.
Aiming: Mindburst
Press: ? - help, Shift-Dir - straight line, f - kobold brigand
Aim: a kobold brigand, wielding a +1 whip of venom and quivering curare-tipped darts (severely wounded, unable to see you, chance to affect: 64%)
The kobold brigand's mind is blasted!
You die...

#~~~#
##~~~##
#.~~~~#
#~###~#
#.# #~#
##.###~##
#.~.#.~.#
#~#~#~#~#
#@#~#~#~#
#K#~#~#~#
#.#K#.#.#
### #####


You could see a kobold brigand (unable to see you).

Vanquished Creatures
  Grinder (D:3)
  A kobold brigand (Sewer)
  A hound (D:2)
  An orc priest (D:3)
  Ijyb (D:3)
  3 worms
  2 orcs (D:3)
  7 endoplasms
  4 giant cockroaches
  4 goblins
  8 hobgoblins
  5 quokkas
  8 ball pythons
  3 bats
  6 frilled lizards
  2 kobolds
  6 rats
63 creatures vanquished.

Notes
Turn   | Place    | Note
-------+----------+-------------------------------------------
     0 | D:1      | Ic0nGaming the Kobold Fighter began the quest for the Orb.
     0 | D:1      | Reached XP level 1. HP: 14/14 MP: 1/1
    36 | D:1      | Reached skill level 3 in Short Blades
   157 | D:1      | Reached XP level 2. HP: 19/19 MP: 2/2
   509 | D:1      | Reached skill level 4 in Short Blades
   987 | D:1      | Reached XP level 3. HP: 23/23 MP: 3/3
  1259 | D:2      | Found a faded altar of an unknown god.
  1445 | D:2      | Reached skill level 5 in Short Blades
  1494 | D:2      | Found Bicsohapn's Weapon Emporium.
  1958 | D:2      | Reached XP level 4. HP: 28/28 MP: 4/4
  2111 | D:3      | Noticed Ijyb
  2136 | D:2      | Reached skill level 6 in Short Blades
  2268 | D:3      | Noticed Grinder
  2280 | D:3      | HP: 1/28 [Grinder (4)]
  2288 | D:3      | Killed Grinder
  2289 | D:3      | Reached skill level 8 in Short Blades
  2289 | D:3      | Reached XP level 5. HP: 26/32 MP: 5/5
  2289 | D:3      | Reached XP level 6. HP: 30/37 MP: 6/6
  2498 | D:3      | Killed Ijyb
  2822 | D:3      | Reached skill level 9 in Short Blades
  3003 | D:4      | Found a glowing drain.
  3016 | Sewer    | Entered a sewer
  3087 | Sewer    | Reached XP level 7. HP: 29/41 MP: 7/7
  3314 | Sewer    | Succumbed to a kobold brigand's poison

Illustrated notes

Levels and vault maps discovered:
D:1:      psy_arrival_statuary, layout_loops_corners
D:2:      wander_river, layout_loops_ring, serial_shops, nicolae_lakefront_shop,
          hellmonk_ecumenical_altar_arch_garden
D:3:      layout_basic, uniq_ijyb, uniq_grinder
D:4:      layout_loops_ring, lemuel_doored_altar, portal_sewer_entry_f,
          uniq_eustachio
Sewer:    sewer_co_tree

Skill      XL: |  1  2  3  4  5  6 |
---------------+-------------------+-----
Short Blades   | 3 4 5 8 9 |  9.5
Fighting       | |  3.2
Armour         | |  2.4
Shields        | |  2.4

Action                     |  1- 3 |  4- 6 |  7- 9 || total
---------------------------+-------+-------+-------++-------
  Melee: Rapier            |   142 |    72 |    11 ||   225
  Evoke: Wand              |       |       |     1 ||     1
    Use: Scroll            |     1 |     2 |       ||     3
         Potion            |       |     6 |     1 ||     7
   Stab: Sleeping          |     1 |     2 |       ||     3
 Armour: Scale mail        |    38 |    11 |       ||    49
         Ring mail         |       |     6 |     2 ||     8
  Dodge: Dodged            |    54 |    25 |     1 ||    80
  Block: Buckler           |    23 |    17 |     2 ||    42

Table legend: (Time is in decaauts)
 A = Elapsed time spent in this place.
 B = Non-inter-level travel time spent in this place.
 C = Inter-level travel time spent in this place.
 D = Time resting spent in this place.
 E = Time spent auto-exploring this place.
 F = Levels seen in this place.
 G = Mean time per level.
                   A        B        C        D        E       F      G
               +--------+--------+--------+--------+--------+-----+--------+
         Total |   3310 |   3175 |    135 |    226 |   2426 |   5 |  662.0 |
       Dungeon |   3019 |   2884 |    135 |    126 |   2286 |   4 |  754.8 |
         Sewer |    291 |    291 |      0 |    100 |    140 |   1 |  291.0 |
               +--------+--------+--------+--------+--------+-----+--------+

Top non-repeatable levels by time:
     D:1: 1177 daAuts
     D:2: 1028 daAuts
     D:3: 771 daAuts
   Sewer: 291 daAuts
     D:4: 41 daAuts
